 Dungeon Crawl Stone Soup version 0.18.1-8-gdd0e5ea (webtiles) character file.

2319 mindo the Destroyer (level 9, -10/45 HPs)
             Began as a Deep Elf Conjurer on June 10, 2016.
             Was an Initiate of Vehumet.
             Mangled by a spiny frog (22 damage)
             ... on level 1 of the Lair of Beasts on June 11, 2016.
             The game lasted 01:30:30 (7547 turns).

mindo the Destroyer (Deep Elf Conjurer)             Turns: 7547, Time: 01:30:32

Health: -10/45     AC: 14    Str:  5    XL:     9   Next: 18%
Magic:  15/24      EV: 13    Int: 27    God:    Vehumet [......]
Gold:   261        SH:  0    Dex: 15    Spells: 3 memorised, 19 levels left

rFire  . . .     SeeInvis .     q - +1 short sword (protect)
rCold  . . .     Gourm    .     a - +1 robe
rNeg   . . .     Faith    +     (no shield)
rPois  .         Spirit   .     n - +2 hat
rElec  .         Dismiss  .     (no cloak)
rCorr  .         Reflect  .     z - +2 pair of gloves
SustAt .         Harm     .     M - +0 pair of boots
MR     +....                    h - amulet of faith
Stlth  ++++......               t - ring of protection from magic
                                i - +3 ring of intelligence

@: lethally poisoned (-10 -> -23), somewhat resistant to hostile enchantments,
stealthy
A: no striking features
a: Renounce Religion


You were on level 1 of the Lair of Beasts.
You worshipped Vehumet.
Vehumet was noncommittal.
You were not hungry.

You visited 3 branches of the dungeon, and saw 10 of its levels.

You collected 261 gold pieces.

Inventory:

Hand Weapons
 d - a +0 falchion
 g - a +0 short sword
 m - a +0 long sword
 q - a +1 short sword of protection (weapon)
 y - a +2 dagger of venom
 G - a +2 dagger of freezing
Armour
 a - a +1 robe (worn)
 n - a +2 hat (worn)
 z - a +2 pair of gloves (worn)
 I - a +0 troll leather armour
 M - a +0 pair of boots (worn)
Jewellery
 h - an amulet of faith (around neck)
 i - a +3 ring of intelligence (left hand)
 k - an uncursed ring of fire
 r - an uncursed ring of positive energy
 t - a ring of protection from magic (right hand)
Wands
 c - a wand of flame (23/48)
 F - a wand of acid (4/15)
Scrolls
 o - a scroll of remove curse
 w - 2 scrolls of amnesia
 E - 2 scrolls of identify
Potions
 e - 2 potions of degeneration {unknown}
 f - a potion of resistance {unknown}
 j - a potion of beneficial mutation {unknown}
 p - 2 potions of might {unknown}
 s - 2 potions of cure mutation {unknown}
 u - 2 potions of magic {unknown}
 v - 2 potions of flight
 B - 2 potions of curing {unknown}
 C - a potion of brilliance {unknown}
 D - a potion of haste {unknown}
 H - a potion of berserk rage {unknown}
 J - 2 potions of heal wounds {unknown}
Books
 b - a book of Conjurations

   Spells                             Type                      Level
   a - Magic Dart                     Conjuration                  1
   b - Searing Ray                    Conjuration                  2
   c - Dazzling Spray                 Conjuration/Hexes            3
   d - Fulminant Prism                Conjuration/Hexes            4
   e - Iskenderun's Mystic Blast      Conjuration                  4
   f - Iskenderun's Battlesphere      Conjuration/Charms           5
Comestibles
 l - 2 meat rations
 x - 3 bread rations
 A - 4 fruits
 K - a beef jerky


   Skills:
 + Level 2.6 Dodging
 - Level 7.2 Stealth
 + Level 9.4 Spellcasting
 * Level 10.4 Conjurations


You had 19 spell levels left.
You knew the following spells:

 Your Spells              Type           Power        Failure   Level  Hunger
a - Magic Dart            Conj           ####         1%          1    None
b - Searing Ray           Conj           ######       1%          2    None
c - Iskenderun's Mystic   Conj           ######..     1%          4    None


Dungeon Overview and Level Annotations

Branches:
Dungeon (10/15)            Temple (1/1) D:6            Lair (1/8) D:10
    Orc: D:9-12

Altars:
Ashenzari
Cheibriados
Dithmenos
Elyvilon
Fedhas
Gozag
Kikubaaqudgha
Makhleb
Nemelex Xobeh
Okawaru
Pakellas
Qazlal
Ru
Sif Muna
Trog
Vehumet
Xom
Yredelemnul
Zin
The Shining One

Annotations:
D:4 santipi's ghost, novice KoHu
D:6 Dowan; Duvessa


Message History

The spiny frog is lightly wounded.
The searing ray misses the spiny frog.
The spiny frog stings you!! The spiny frog stings you!
You are poisoned.
The spiny frog poisons you!
Casting: Searing Ray
Confirm with . or Enter, or press ? or * to list all spells.
Aiming: Searing Ray
Press: ? - help, Shift-Dir - straight line, f/p - spiny frog
Aim: a spiny frog (lightly wounded)
The searing ray misses the spiny frog.
You feel sick. The spiny frog misses you.
The searing ray hits the spiny frog.
The spiny frog is lightly wounded.
You feel sick. The spiny frog stings you.
The searing ray hits the spiny frog.
The spiny frog is heavily wounded.
* * * LOW HITPOINT WARNING * * *
You feel sick. The spiny frog stings you!!
You die...

#####.####.##.##.#.##.
......................
........#P###.#.......
........#######.....##
#####...##...##.....##
#....##....#.....##
##...##...##.....#.
#...##...##.......
##@..##...##.......
#.F......%.#.......
##...##............
.......###..........r
...................r..
....$..........%.......
....................
....................
#..........##...#...


You could see a spiny frog.

Vanquished Creatures
  2 spiny frogs (Lair:1)
  Grinder (D:6)
  A water moccasin (Lair:1)
  An ogre (D:4)
  A centaur (D:6)
  A giant frog (D:6)
  2 scorpions (D:6)
  The ghost of Malvoorn the Slasher, a weakling DsAK of Lugonu (D:3)
  3 howler monkeys
  A giant frog zombie (D:6)
  3 crimson imps
  2 hounds
  A jelly (D:5)
  A centaur skeleton (D:5)
  3 orc priests
  Jessica (D:2)
  Terence (D:2)
  5 iguanas
  Natasha (D:2)
  7 orc wizards
  2 worker ants
  A hound skeleton (D:4)
  3 gnolls (D:4)
  2 river rats (Lair:1)
  7 adders
  An adder skeleton (D:5)
  3 dart slugs
  3 worms
  A giant gecko (D:3)
  19 orcs
  7 giant cockroaches
  6 goblins
  6 hobgoblins
  A quokka (D:4)
  5 bats
  A giant gecko skeleton (D:4)
  3 giant newts
  5 kobolds
  A quokka skeleton (D:6)
  4 rats
120 creatures vanquished.

Notes
Turn   | Place    | Note
--------------------------------------------------------------
     0 | D:1      | mindo the Deep Elf Conjurer began the quest for the Orb.
     0 | D:1      | Reached XP level 1. HP: 10/10 MP: 6/6
   261 | D:1      | Reached XP level 2. HP: 14/15 MP: 2/8
   514 | D:1      | Reached skill level 5 in Conjurations
   725 | D:2      | Noticed Terence
   761 | D:2      | Reached XP level 3. HP: 19/19 MP: 7/10
   884 | D:2      | Noticed Jessica
   901 | D:2      | Noticed Natasha
  1017 | D:2      | Learned a level 2 spell: Searing Ray
  1031 | D:2      | Killed Jessica
  1031 | D:2      | Reached XP level 4. HP: 24/24 MP: 7/12
  1038 | D:2      | Killed Natasha
  1386 | D:2      | Reached skill level 5 in Spellcasting
  1499 | D:2      | Killed Terence
  1499 | D:2      | Reached XP level 5. HP: 28/28 MP: 7/14
  1525 | D:3      | Found a sacrificial altar of Ru.
  1637 | D:3      | Noticed Malvoorn's ghost (weakling DsAK)
  1685 | D:3      | Killed Malvoorn's ghost
  1685 | D:3      | Reached skill level 6 in Conjurations
  2362 | D:3      | Learned a level 4 spell: Iskenderun's Mystic Blast
  2668 | D:4      | Noticed santipi's ghost (novice KoHu)
  2833 | D:4      | Reached XP level 6. HP: 32/32 MP: 1/17
  3466 | D:4      | Reached skill level 7 in Conjurations
  3583 | D:4      | Reached XP level 7. HP: 35/36 MP: 4/19
  3797 | D:4      | Found a bloodstained altar of Trog.
  4014 | D:5      | Entered Level 5 of the Dungeon
  4827 | D:5      | Found a bloodstained altar of Trog.
  4974 | D:6      | Reached skill level 8 in Conjurations
  4996 | D:6      | Noticed Dowan
  5236 | D:6      | Noticed Grinder
  5407 | D:6      | Reached skill level 5 in Stealth
  5773 | D:6      | Reached XP level 8. HP: 41/41 MP: 16/21
  5795 | D:6      | Found a staircase to the Ecumenical Temple.
  5871 | D:6      | Killed Grinder
  5871 | D:6      | Reached skill level 9 in Conjurations
  6007 | Temple   | Entered the Ecumenical Temple
  6065 | Temple   | Became a worshipper of Vehumet
  6394 | D:6      | Noticed Duvessa
  6637 | D:7      | Noticed an angel
  6869 | D:7      | Found a shimmering altar of Xom.
  6869 | D:7      | Found a glowing silver altar of Zin.
  6954 | D:7      | Found a glowing golden altar of the Shining One.
  6956 | D:7      | Found an ancient bone altar of Kikubaaqudgha.
  7004 | D:7      | Found a blossoming altar of Fedhas.
  7006 | D:7      | Found a sparkling altar of Nemelex Xobeh.
  7089 | D:7      | You fall through a shaft for 3 floors!
  7089 | D:10     | Entered Level 10 of the Dungeon
  7094 | D:10     | Found a staircase to the Lair.
  7110 | Lair:1   | Entered Level 1 of the Lair of Beasts
  7152 | Lair:1   | Noticed a spiny frog
  7164 | Lair:1   | Killed a spiny frog
  7164 | Lair:1   | Reached skill level 10 in Conjurations
  7296 | Lair:1   | Noticed a spiny frog
  7318 | Lair:1   | Killed a spiny frog
  7318 | Lair:1   | Reached XP level 9. HP: 45/45 MP: 14/24
  7530 | Lair:1   | Noticed a spiny frog
  7547 | Lair:1   | Mangled by a spiny frog

Skill      XL: |  1  2  3  4  5  6  7  8 |
---------------+-------------------------+-----
Conjurations   | 5 6 7 8 10 | 10.4
Spellcasting   | 4 5 6 7 9 |  9.4
Stealth        | 3 5 7 |  7.2
Dodging        | |  2.6

Action                   |  1- 3 |  4- 6 |  7- 9 || total
-------------------------+-------+-------+-------++-------
Melee: Unarmed           |     1 |       |       ||     1
       Short sword       |       |     1 |     6 ||     7
 Cast: Magic Dart        |    56 |   100 |    95 ||   251
       Searing Ray       |     1 |    10 |    35 ||    46
       Iskenderun's Myst |       |     5 |     5 ||    10
  Use: Scroll            |       |     4 |     5 ||     9
 Stab: Sleeping          |       |     1 |       ||     1
  Eat: Bread ration      |       |     1 |     1 ||     2
       Meat ration       |       |     1 |     1 ||     2
       Royal jelly       |       |       |     1 ||     1
       Fruit             |       |       |     2 ||     2
Armor: Robe              |     1 |     6 |    16 ||    23
Dodge: Dodged            |    13 |    22 |    34 ||    69
